 Dungeon Crawl Stone Soup version 0.30-a0-702-gdf48620a09 (webtiles) character file.

Game seed: 14583444156209018436

5849 Bnni the Jinx (level 11, -1/77 (83) HPs)
             Began as a Formicid Hexslinger on Jan 21, 2023.
             Was a Believer of Dithmenos.
             Slain by a meliai simulacrum (3 damage)
             ... on level 10 of the Dungeon.
             The game lasted 00:20:56 (9764 turns).

Bnni the Jinx (Formicid Hexslinger)                 Turns: 9764, Time: 00:20:57

HP:   -1/77 (83)    AC:  9    Str: 14    XL:     11   Next: 7%
MP:   9/16          EV: 11    Int: 16    God:    Dithmenos [**....]
Gold: 192           SH: 12    Dex: 16    Spells: 0/17 levels left

rFire   . . .      SeeInvis +    o - +0 shortbow
rCold   . . .      Faith    .    I - +2 kite shield
rNeg    . . .      Spirit   .    y - +2 robe {Will+}
rPois   .          Reflect  .    (helmet unavailable)
rElec   .          Harm     .    (no cloak)
rCorr   .          Rampage  .    G - +0 pair of gloves "Miewn" {Slay+2}
Will    ++...                    (no boots)
Stlth   ++                       (no amulet)
HPRegen 0.32/turn                h - +4 ring of slaying
MPRegen 0.15/turn                D - +4 ring of protection

@: wreathed by umbra, studying Stealth, drained
A: permanent stasis, dig shafts and tunnels, antennae 3, four strong arms
a: Dig, Shaft Self, Renounce Religion, Shadow Step


You were on level 10 of the Dungeon.
You worshipped Dithmenos.
Dithmenos was pleased with you.
You visited 2 branches of the dungeon, and saw 11 of its levels.
You also visited: Ossuary.

You collected 672 gold pieces.
You spent 480 gold pieces at shops.

Inventory:

Hand Weapons
 a - a +1 sling
 o - a +0 shortbow (weapon)
Missiles
 l - 17 poisoned darts
Armour
 y - a +2 robe of willpower (worn)
 G - the +0 pair of gloves "Miewn" (worn) {Slay+2}
   (You found it on level 7 of the Dungeon)

   Slay:      It affects your accuracy & damage with ranged weapons and melee
   (+2).
 I - a +2 kite shield (worn)
Jewellery
 h - a +4 ring of slaying (left hand)
 D - a +4 ring of protection (right hand)
 F - a ring of poison resistance
Wands
 q - a wand of charming (6)
 J - a wand of roots (12)
Scrolls
 b - 2 scrolls of poison
 c - 2 scrolls of vulnerability
 d - 3 scrolls of enchant weapon
 e - a scroll of brand weapon
 p - a scroll of fear {unknown}
 r - 2 scrolls of amnesia {unknown}
 t - a scroll of silence {unknown}
 w - a scroll of immolation {unknown}
 C - 5 scrolls of blinking {unknown}
 E - 3 scrolls of noise {unknown}
 H - a scroll of enchant armour {unknown}
 K - a scroll of torment {unknown}
Potions
 f - 2 potions of lignification {unknown}
 g - 4 potions of curing {unknown}
 i - 2 potions of invisibility {unknown}
 j - 6 potions of attraction {unknown}
 k - a potion of experience {unknown}
 m - 4 potions of degeneration {unknown}
 n - 4 potions of flight {unknown}
 s - 2 potions of cancellation {unknown}
 u - a potion of resistance {unknown}
 v - 2 potions of haste
 x - 3 potions of mutation {unknown}
 z - 5 potions of might {unknown}
 A - a potion of brilliance {unknown}
 B - 2 potions of heal wounds {unknown}
 L - a potion of ambrosia {unknown}
 M - a potion of magic {unknown}


   Skills:
 + Level 6.9 Fighting
 * Level 9.3 Ranged Weapons
 - Level 1.7 Dodging
 * Level 5.9 Shields
 + Level 3.9 Spellcasting
 - Level 10.0 Hexes
 - Level 3.0 Summonings
 - Level 3.0 Translocations
 - Level 3.0 Fire Magic


You couldn't memorise any spells.
You knew the following spells:

 Your Spells              Type           Power      Damage    Failure   Level
a - Slow                  Hex            100%       N/A       1%          1
b - Inner Flame           Hex/Fire       23%        N/A       8%          3
c - Portal Projectile     Hex/Tloc       46%        N/A       8%          3
d - Cause Fear            Hex            17%        N/A       6%          4
e - Summon Guardian Gole  Hex/Summ       23%        N/A       8%          3
f - Tukima's Dance        Hex            35%        N/A       1%          3

Your spell library contained the following spells:

 Spells                   Type           Power      Damage    Failure   Level
 Ensorcelled Hibernation  Hex/Ice        38%        N/A       7%          2
 Dazzling Flash           Conj/Hex       38%        N/A       14%         3
 Lesser Beckoning         Tloc           24%        N/A       16%         2
 Scorch                   Fire           24%        2d6       16%         2
 Momentum Strike          Conj/Tloc      14%        3d8       30%         2
 Gell's Gravitas          Tloc           12%        N/A       32%         3
 Teleport Other           Tloc           12%        N/A       32%         3
 Magic Dart               Conj           12%        1d3       36%         1
 Fulminant Prism          Conj/Hex       9%         3d7       43%         4
 Passwall                 Tmut/Erth      2%         N/A       50%         2
 Searing Ray              Conj           6%         2d4       50%         2
 Passage of Golubria      Tloc           12%        N/A       71%         4
 Frozen Ramparts          Ice            6%         1d1       73%         3
 Silence                  Hex/Air        9%         N/A       78%         5
 Yara's Violent Unravell  Hex/Tmut       9%         3d6       78%         5
 Flame Wave               Conj/Fire      7%         2d5       89%         4
 Summon Ice Beast         Ice/Summ       7%         N/A       89%         4
 Ice Form                 Ice/Tmut       3%         N/A       98%         4
 Agony                    Necr           3%         N/A       100%        5
 Dispersal                Tloc           6%         N/A       100%        6
 Summon Cactus Giant      Summ           6%         N/A       100%        6
 Orb of Destruction       Conj           1%         9d5       100%        7
 Spellforged Servitor     Conj/Summ      3%         N/A       100%        7
 Blink                    Tloc           Unusable   N/A       N/A         2
 Swiftness                Air            Unusable   N/A       N/A         3

Dungeon Overview and Level Annotations

Branches:
Dungeon (10/15)            Temple (1/1) D:4             Orc (0/2) D:10
Ossuary (visited)
   Lair: D:8-11

Altars:
Ashenzari
Cheibriados
Dithmenos
Elyvilon
Fedhas
Gozag
Hepliaklqana
Kikubaaqudgha
Makhleb
Nemelex Xobeh
Okawaru
Qazlal
Ru
Sif Muna
Trog
Uskayaw
Vehumet
Wu Jian
Xom
Yredelemnul
Zin
The Shining One

Shops:
D:1 :   D:2 *   D:4 (

Annotations:
D:7 2 runed translucent doors, generaletaddeo's ghost, novice FoHu
D:10 kuniqs's ghost, journeyman FoFi


Innate Abilities, Weirdness & Mutations

You cannot be hasted, slowed, berserked, paralysed or teleported.
You can dig through walls and to a lower floor.
You have a pair of large antennae on your head. (SInv)
Your four strong arms can wield two-handed weapons with a shield.


Message History

Aiming: Inner Flame (dangerous; 8% risk of failure)
Press: ? - help, Dir - move target, f - centaur warrior zombie
Aim: a centaur warrior zombie (umbra, chance to affect: 83%)
The centaur warrior zombie is filled with an inner flame.
You block the meliai simulacrum's attack.
The meliai simulacrum hits you. The meliai simulacrum freezes you!
You block the meliai simulacrum's attack. x2
Casting: Inner Flame (dangerous; 8% risk of failure)
Confirm with . or Enter, or press ? or * to list all spells.
You begin teleporting projectiles to their destination.
The meliai simulacrum hits you but does no damage.
You block the meliai simulacrum's attack.
Fire: o) +0 shortbow
Press: ? - help, Shift-Dir - straight line, f/p - centaur warrior zombie
Aim: a centaur warrior zombie (inner flame, umbra, 92% to hit)
You magically shoot an arrow.
The arrow hits the centaur warrior zombie.
Flame seeps out of the centaur warrior zombie.
The centaur warrior zombie is lightly damaged.
You are no longer teleporting projectiles to their destination.
The meliai simulacrum hits you but does no damage.
The meliai simulacrum barely misses you.
The centaur warrior zombie is engulfed in blazing flames.
Flame seeps out of the centaur warrior zombie.
You block the meliai simulacrum's attack. x2
The centaur warrior zombie is engulfed in blazing flames.
Flame seeps out of the centaur warrior zombie.
You block the meliai simulacrum's attack.
The meliai simulacrum hits you.
* * * LOW HITPOINT WARNING * * *
The meliai simulacrum freezes you!!
* * * LOW HITPOINT WARNING * * *
Fire: o) +0 shortbow
Press: ? - help, Shift-Dir - straight line, f/p - centaur warrior zombie
Aim: a centaur warrior zombie (flame, moderately damaged, inner flame, umbra, 90% to hit)
You shoot an arrow. The arrow hits the meliai simulacrum.
The meliai simulacrum is lightly damaged.
You block the meliai simulacrum's attack.
The meliai simulacrum hits you.
You die...

...........................#
...............<...........#
...........................#
...........................#
...........................#
....>.........W............#
..............Z###.........#
...#####.....##Z##.........#
...# ###''W####@#.........#
...# #.....{{####.........##
...# ##....Z## ##.........#
...# #.....!. #.........#
...#####.$[(.######.........#
......#..#.#..#.............#
...############.........>...#
...#......#.................#
...##.....#..............####


You could see kuniqs's ghost, a meliai simulacrum and a centaur warrior zombie
(inner flame).

Vanquished Creatures
  A centaur warrior (D:10)
  2 kobold demonologists (D:8)
  A wraith (D:9)
  A shadow (D:9)
  A wyvern (D:8)
  4 vampire mosquitoes
  The ghost of hofbold the Chiller, an amateur HuIE (D:4)
  Menkaure (D:4)
  2 water moccasins (D:6)
  Duvessa (D:4)
  2 orc warriors
  An ogre (D:7)
  4 centaurs
  3 phantoms
  A bullfrog (D:7)
  A necrophage (D:6)
  3 gnoll sergeants
  2 scorpions
  3 wights (D:8)
  8 water moccasin zombies (Ossuary)
  Dowan (D:4)
  6 killer bees
  An electric eel (D:7)
  4 howler monkeys
  2 hounds
  A jelly (D:7)
  5 orc priests
  4 iguanas
  8 orc wizards
  2 mummies (Ossuary)
  13 gnolls
  8 adders
  4 white imps
  3 ufetubi
  4 adder zombies (Ossuary)
  A worm (D:5)
  4 dart slugs
  29 orcs
  5 ball pythons
  5 bats
  7 endoplasms
  6 giant cockroaches
  2 gnoll zombies (Ossuary)
  4 goblins
  5 hobgoblins
  4 jackals
  10 kobolds
  A quokka (D:4)
  3 frilled lizards
  4 hobgoblin zombies (Ossuary)
  3 kobold zombies (Ossuary)
  6 orc zombies (Ossuary)
  8 rats
216 creatures vanquished.

Notes
Turn   | Place    | Note
-------+----------+-------------------------------------------
     0 | D:1      | Bnni the Formicid Hexslinger began the quest for the Orb.
     0 | D:1      | Reached XP level 1. HP: 15/15 MP: 2/2
    89 | D:1      | Reached XP level 2. HP: 21/21 MP: 3/3
   244 | D:1      | Found Pihugee's Book Emporium.
   265 | D:1      | Reached skill level 1 in Fire Magic
   295 | D:1      | Reached XP level 3. HP: 26/26 MP: 4/4
   303 | D:1      | Learned a level 3 spell: Inner Flame
   311 | D:1      | Reached skill level 4 in Hexes
   752 | D:2      | Identified the +2 leather armour of the Hanged Man {+Blink
                  | Dex+2}
  1052 | D:2      | Reached XP level 4. HP: 19/32 MP: 6/6
  1168 | D:2      | Found a hazy altar of Hepliaklqana.
  1274 | D:2      | Found Qiniseg's Assorted Antiques.
  1778 | D:3      | Reached XP level 5. HP: 22/38 MP: 7/7
  2223 | D:4      | Identified the +5 ring mail of Egalitarianism {Harm SInv}
  2250 | D:4      | Found Ceelar's Antique Weapon Boutique.
  2251 | D:4      | Noticed a centaur
  2262 | D:4      | Killed a centaur
  2263 | D:4      | Reached skill level 5 in Hexes
  2263 | D:4      | Reached XP level 6. HP: 29/44 MP: 7/9
  2344 | D:4      | Noticed Menkaure
  2357 | D:4      | Killed Menkaure
  2358 | D:4      | Reached XP level 7. HP: 51/51 MP: 6/10
  2500 | D:4      | Found a sand-covered staircase.
  2505 | Ossuary  | Entered an ossuary
  2634 | Ossuary  | Reached skill level 6 in Hexes
  2643 | Ossuary  | Learned a level 4 spell: Cause Fear
  2647 | Ossuary  | Learned a level 3 spell: Portal Projectile
  2850 | Ossuary  | Reached skill level 1 in Translocations
  2850 | Ossuary  | Reached XP level 8. HP: 57/58 MP: 2/12
  3142 | D:4      | Found a staircase to the Ecumenical Temple.
  3152 | D:4      | Reached skill level 5 in Ranged Weapons
  3157 | Temple   | Entered the Ecumenical Temple
  3206 | Temple   | Became a worshipper of Dithmenos the Shadowed
  3245 | D:4      | Reached skill level 7 in Hexes
  3281 | D:4      | Found a runed translucent door.
  3285 | D:4      | Noticed hofbold's ghost (amateur HuIE)
  3706 | D:4      | Noticed Duvessa
  3709 | D:4      | Noticed Dowan
  3714 | D:4      | Killed Duvessa
  3717 | D:4      | Killed Dowan
  4196 | D:4      | Killed hofbold's ghost
  4197 | D:4      | Reached XP level 9. HP: 58/65 MP: 9/13
  4281 | D:5      | Entered Level 5 of the Dungeon
  4295 | D:5      | Reached skill level 8 in Hexes
  4474 | D:5      | Reached * piety under Dithmenos
  4709 | D:5      | Found a broken altar of Ashenzari.
  4865 | D:5      | You fall into a shaft and drop 2 floors!
  5319 | D:6      | Reached skill level 5 in Fighting
  5828 | D:6      | Reached skill level 9 in Hexes
  6062 | D:6      | Reached ** piety under Dithmenos
  6410 | D:7      | Identified the +0 pair of gloves "Miewn" {Slay+2}
  6549 | D:1      | Bought a book of Dangerous Friends for 480 gold pieces
  6553 | D:1      | Learned a level 3 spell: Summon Guardian Golem
  6750 | D:7      | Reached XP level 10. HP: 76/76 MP: 14/14
  6807 | D:7      | Found a large runed translucent door.
  6807 | D:7      | Found a large runed translucent door.
  6826 | D:7      | Reached skill level 1 in Summonings
  7055 | D:7      | Reached skill level 1 in Shields
  7157 | D:7      | Noticed generaletaddeo's ghost (novice FoHu)
  7634 | D:8      | Noticed a kobold demonologist
  7634 | D:8      | Noticed a kobold demonologist
  7643 | D:8      | Killed a kobold demonologist
  7647 | D:8      | Killed a kobold demonologist
  9355 | D:10     | Entered Level 10 of the Dungeon
  9369 | D:10     | Noticed a centaur warrior
  9374 | D:10     | Killed a centaur warrior
  9375 | D:10     | Reached skill level 5 in Shields
  9375 | D:10     | Reached skill level 10 in Hexes
  9376 | D:10     | Reached XP level 11. HP: 65/83 MP: 5/16
  9594 | D:10     | Found a runed translucent gate.
  9594 | D:10     | Found a runed translucent gate.
  9594 | D:10     | Found a runed translucent gate.
  9635 | D:10     | Learned a level 3 spell: Tukima's Dance
  9685 | D:10     | Found a staircase to the Orcish Mines.
  9754 | D:10     | Noticed kuniqs's ghost (journeyman FoFi)
  9763 | D:10     | HP: 1/77 [meliai simulacrum (19)]
  9764 | D:10     | Slain by a meliai simulacrum

Illustrated notes

Levels and vault maps discovered:
D:1:      saegor_arrival_simple_e, layout_rooms, serial_shops, shop, hex_tiny
D:2:      layout_loops_corners, serial_shops, shop, basic_altar,
          hangedman_decor_diamond_cutter
D:3:      layout_loops_ring, kennysheep_crisscross, minmay_tree_intersection
D:4:      layout_gridville, minmay_temple_entry_crystal_x,
          hellmonk_ghost_happy_afterlife, serial_shops, shop, enter_ossuary_5,
          minmay_manual_macuahuitl, uniq_menkaure, uniq_duvessa, uniq_natasha
D:5:      layout_basic, mainiacjoe_overflow_tiny_flanked
D:6:      layout_gridville
D:7:      statuecave_lemuel, layout_cave_pools, ebering_ghost_disaster_area,
          st_stairs_14
D:8:      layout_loops_ring
D:9:      layout_grid_maze
D:10:     layout_irregular_city, lair_entry_dummy, orc_0_dummy,
          gammafunk_ghost_necromancy
Temple:   grunt_wide_crystal_templ

Skill      XL: |  1  2  3  4  5  6  7  8  9 10 |
---------------+-------------------------------+-----
Fire Magic     | 1 2 3 |  3.0
Hexes          | 4 5 6 7 9 10 | 10.0
Ranged Weapons | 3 4 5 7 9 |  9.3
Fighting       | 2 3 4 5 6 |  6.9
Spellcasting   | 2 3 |  3.9
Translocations | 1 2 3 |  3.0
Summonings     | 3 |  3.0
Shields        | 5 |  5.9
Dodging        | |  1.7

Action                   |  1- 3 |  4- 6 |  7- 9 | 10-12 || total
-------------------------+-------+-------+-------+-------++-------
 Fire: Sling             |    90 |    75 |       |       ||   165
       Shortbow          |       |     6 |   337 |   158 ||   501
Throw: Dart              |       |       |     3 |       ||     3
 Cast: Slow              |       |     1 |    17 |     2 ||    20
       Inner Flame       |       |     1 |    13 |    10 ||    24
       Portal Projectile |       |       |     3 |     3 ||     6
 Abil: Dig               |       |     1 |     1 |     1 ||     3
  Use: Scroll            |       |     5 |       |     1 ||     6
Armor: Robe              |     7 |     6 |    33 |    24 ||    70
Dodge: Dodged            |    30 |    32 |   144 |    46 ||   252
Block: Kite shield       |       |       |       |    60 ||    60

Table legend: (Time is in decaauts)
 A = Elapsed time spent in this place.
 B = Non-inter-level travel time spent in this place.
 C = Inter-level travel time spent in this place.
 D = Time resting spent in this place.
 E = Time spent auto-exploring this place.
 F = Levels seen in this place.
 G = Mean time per level.
                   A        B        C        D        E       F      G
               +--------+--------+--------+--------+--------+-----+--------+
         Total |   9921 |   9404 |    517 |    889 |   6909 |  12 |  826.8 |
       Dungeon |   9232 |   8723 |    509 |    699 |   6635 |  10 |  923.2 |
        Temple |     58 |     50 |      8 |      0 |     32 |   1 |   58.0 |
       Ossuary |    630 |    630 |      0 |    190 |    242 |   1 |  630.0 |
               +--------+--------+--------+--------+--------+-----+--------+

Top non-repeatable levels by time:
     D:9: 1467 daAuts
     D:4: 1322 daAuts
     D:6: 1229 daAuts
     D:2: 919 daAuts
     D:7: 907 daAuts
     D:3: 857 daAuts
     D:8: 837 daAuts
     D:5: 769 daAuts
     D:1: 717 daAuts
 Ossuary: 630 daAuts
    D:10: 204 daAuts
  Temple: 58 daAuts
